AoeStats
← jdac

Nomad

509379480Analyzed
3v3 RM · 5d ago on Sep 26, 2026· 40m 46s· 6 players
Game mode
Random Map
Map size
210×210
Population
200
Speed
Normal
Resources
Standard
Victory
Conquest
Starting age
Dark Age
Ending age
Imperial Age
RankedLock teamsTeams togetherTeam positionsShared explorationLock speedFull tech treeHidden civsTurbo modeCheats
Victory
Defeat
🇪🇸 Varangians · Spain
1606
+10
🇶🇦 Varangians · Qatar
1502
+14
🇫🇮 Italians · Finland
1481
+13
🇦🇷 Mongols · Argentina
1464
-13
🇦🇷 Varangians · Argentina
1462
-13
🇦🇷 Danes · Argentina
1424
-11
JanChess
5:59 Loom
13:42 Feudal Age
17:27 Castle Age
16:02 Fishing Lines
19:55 Fletching
20:41 Double-Bit Axe
22:00 Wheelbarrow
21:45 Bodkin Arrow
25:04 Gold Mining
jdac
9:24 Loom
9:34 Loom
12:03 Feudal Age
13:35 Town Watch
14:26 Double-Bit Axe
14:50 Fishing Lines
17:13 Fletching
19:27 Castle Age
17:38 Fletching
20:58 Crossbowman
22:59 Bodkin Arrow
26:52 Wheelbarrow
28:33 Hand Cart
29:49 Bow Saw
33:05 Gold Mining
33:00 Horse Collar
33:12 Stone Mining
33:55 Heavy Plow
37:56 Imperial Age
37:19 Scale Barding Armor
37:59 Stone Shaft Mining
37:37 Forging
37:40 Bloodlines
37:31 Husbandry
36:55 Vendel Legacy
38:22 Chain Barding Armor
38:55 Cavalier
41:08 Plate Barding Armor
40:34 Scale Mail Armor
Mizii
11:50 Loom
13:37 Feudal Age
15:39 Double-Bit Axe
19:13 Castle Age
20:22 Bow Saw
25:32 Imperial Age
23:22 Fishing Lines
23:34 Gold Mining
23:43 Fletching
25:37 Bodkin Arrow
28:07 Ballistics
28:43 Bracer
28:57 Horse Collar
30:39 Chemistry
34:40 Padded Archer Armor
37:13 Wheelbarrow
37:35 Leather Archer Armor
38:27 Thumb Ring
38:28 Elite Skirmisher
39:41 Ring Archer Armor
39:39 Elite Genoese Crossbowman
Enlassombras
4:53 Loom
11:59 Feudal Age
13:45 Fishing Lines
16:38 Town Watch
19:11 Castle Age
17:15 Double-Bit Axe
17:23 Gold Mining
19:59 Fletching
20:55 Wheelbarrow
21:23 Bodkin Arrow
24:01 Bow Saw
24:30 Gold Shaft Mining
24:02 Gillnets
25:11 Medium Warships
26:30 Hand Cart
28:15 Ballistics
32:37 Imperial Age
32:51 Forging
32:42 Scale Mail Armor
33:20 Man-at-Arms
33:45 Gambesons
34:01 Squires
33:47 Arson
34:18 Long Swordsman
35:39 Iron Casting
35:20 Chain Mail Armor
35:44 Two-Handed Swordsman
37:58 Plate Mail Armor
38:15 Champion
ElpeluquerodeCapoch
5:02 Loom
12:58 Feudal Age
16:52 Castle Age
19:29 Town Watch
38:15 Double-Bit Axe
pastorcito
5:04 Loom
12:04 Feudal Age
15:45 Castle Age
14:32 Stone Mining
18:27 Fletching
18:32 Gold Mining
19:24 Double-Bit Axe
19:43 Bodkin Arrow
22:21 Horse Collar
25:05 Padded Archer Armor
28:31 Leather Archer Armor
28:42 Ballistics
37:55 Imperial Age
39:00 Elite Skirmisher
Connection lost

Rejoining the realm…

Still unreachable

The connection could not be restored.

Session expired

The server has moved on; the page needs a fresh start.